 Dungeon Crawl Stone Soup version 0.19.5 (webtiles) character file.

175 hippity the Grave Robber (level 5, -15/38 HPs)
             Began as a Human Necromancer on Mar 17, 2017.
             Demolished by an ogre
             ... wielding a +0 giant club
              (18 damage)
             ... on level 7 of the Dungeon.
             The game lasted 00:21:35 (2308 turns).

hippity the Grave Robber (Human Necromancer)        Turns: 2308, Time: 00:21:35

Health: -15/38     AC:  3    Str:  7 (9)  XL:     5   Next: 86%
Magic:  2/8        EV: 13    Int: 14 (16) God:
Gold:   145        SH:  0    Dex: 12 (13) Spells: 3 memorised, 4 levels left

rFire  . . .     SeeInvis +     v - +2 hand axe (freeze)
rCold  . . .     Gourm    .     a - +0 robe
rNeg   . . .     Faith    .     (no shield)
rPois  .         Spirit   .     d - +0 helmet
rElec  .         Reflect  .     (no cloak)
rCorr  +         Harm     .     (no gloves)
MR     .....                    (no boots)
Stlth  ++........               (no amulet)
                                u - ring of resist corrosion
                                k - ring of see invisible

@: no status effects
A: no striking features
a: no special abilities


You were on level 7 of the Dungeon.
You were not hungry.

You visited 1 branch of the dungeon, and saw 7 of its levels.
You also visited: Bailey.

You collected 145 gold pieces.

Inventory:

Hand Weapons
 h - a +0 dagger
 r - a +0 whip
 v - a +2 hand axe of freezing (weapon)
Missiles
 e - 2 throwing nets
 m - 5 tomahawks (quivered)
Armour
 a - a +0 robe (worn)
 d - a +0 helmet (worn)
Jewellery
 k - a ring of see invisible (left hand)
 u - a ring of resist corrosion (right hand)
Scrolls
 g - 7 scrolls of remove curse
 i - a scroll of immolation
 o - 7 scrolls of identify
 p - a scroll of recharging
Potions
 f - 2 potions of flight
 x - a potion of degeneration
 z - a potion of curing
Books
 b - a book of Necromancy

   Spells                             Type                      Level
   a - Pain                           Necromancy                   1
   b - Animate Skeleton               Necromancy                   1
   c - Vampiric Draining              Necromancy                   3
   d - Regeneration                   Charms/Necromancy            3
   e - Animate Dead                   Necromancy                   4
   f - Control Undead                 Necromancy                   4
Comestibles
 c - 2 bread rations
 l - 2 beef jerkies
 t - a meat ration
 A - 4 chunks of flesh


   Skills:
 + Level 2.0 Fighting
 * Level 0.8 Axes
 + Level 1.1 Armour
 + Level 3.1 Dodging
 - Level 2.0 Stealth
 * Level 2.6 Spellcasting
 + Level 1.7 Charms
 * Level 4.5 Necromancy


You had 4 spell levels left.
You knew the following spells:

 Your Spells              Type           Power        Failure   Level  Hunger
a - Pain                  Necr           ##..         3%          1    #......
k - Animate Skeleton      Necr           N/A          3%          1    #......
r - Regeneration          Chrm/Necr      ##........   21%         3    ###....


Dungeon Overview and Level Annotations

Branches:
Dungeon (7/15)
 Temple: D:4-7

Altars:
Makhleb
Ru
Trog


Message History

Casting: Regeneration
Confirm with . or Enter, or press ? or * to list all spells.
Aiming: Pain
Press: ? - help, Shift-Dir - straight line, f - ogre
Aim: an ogre, wielding a giant club (chance to defeat MR: 72%)
The ogre writhes in agony!
The ogre hits you with a giant club.
* * * LOW HITPOINT WARNING * * *
Casting: Pain
Confirm with . or Enter, or press ? or * to list all spells.
Aiming: Pain
Press: ? - help, Shift-Dir - straight line, f/p - ogre
Aim: an ogre, wielding a giant club (lightly wounded, chance to defeat MR: 72%)
The ogre writhes in agony!
Casting: Pain
Confirm with . or Enter, or press ? or * to list all spells.
Aiming: Pain
Press: ? - help, Shift-Dir - straight line, f/p - ogre
Aim: an ogre, wielding a giant club (moderately wounded, chance to defeat MR: 72%)
The ogre writhes in agony!
The ogre hits you with a giant club!!
You die...

...... ###
..... #.#
#..S## #.#
#...###.#
#...##.##
##......#
##..###S##
..#####..##
#O# ........##
#@#
.........##
#.#
#..#####..#
#.# .. #..##
#.# #.## ##..#
#.. #..#
#..##.## #.##
##..##
#..####..##
#####.......##


You could see an ogre and an adder.

Vanquished Creatures
  3 hounds
  3 gnolls (Bailey)
  A dart slug (D:1)
  A leopard gecko (D:1)
  4 orcs
  3 giant cockroaches
  6 goblins
  6 hobgoblins
  2 jackals (D:1)
  A kobold (D:1)
  3 quokkas
  5 bats
  8 frilled lizards
  7 rats
53 creatures vanquished.

Vanquished Creatures (collateral kills)
  2 hobgoblins (D:1)
  A jackal (D:1)
  2 kobolds
  A goblin (D:1)
  A rat (D:1)
7 creatures vanquished.

Grand Total: 60 creatures vanquished

Notes
Turn   | Place    | Note
-------+----------+-------------------------------------------
     0 | D:1      | hippity the Human Necromancer began the quest for the Orb.
     0 | D:1      | Reached XP level 1. HP: 13/13 MP: 3/3
   148 | D:1      | Reached XP level 2. HP: 8/20 MP: 1/5
   151 | D:1      | Learned a level 1 spell: Animate Skeleton
   300 | D:1      | Reached skill level 1 in Fighting
   480 | D:1      | Reached XP level 3. HP: 1/26 MP: 1/6
   562 | D:1      | Learned a level 3 spell: Regeneration
  1003 | D:3      | Found a burning altar of Makhleb.
  1537 | D:5      | Entered Level 5 of the Dungeon
  1579 | D:5      | Noticed an ice beast
  1602 | D:5      | Noticed a sky beast
  1683 | D:3      | Reached XP level 4. HP: 24/32 MP: 1/7
  1747 | D:3      | You fall through a shaft for 2 floors!
  1779 | D:5      | Found a bloodstained altar of Trog.
  1861 | D:7      | Reached skill level 1 in Charms
  1938 | D:7      | Noticed an ogre
  1995 | D:7      | Found a sacrificial altar of Ru.
  2029 | D:7      | Found a flagged portal.
  2116 | Bailey   | Entered a bailey
  2127 | Bailey   | Reached skill level 1 in Armour
  2127 | Bailey   | Reached XP level 5. HP: 38/38 MP: 8/8
  2297 | D:7      | Noticed an ogre
  2308 | D:7      | Demolished by an ogre

Skill      XL: |  1  2  3  4  5 |
---------------+----------------+-----
Fighting       | 1 2 |  2.0
Charms         | 1 |  1.7
Armour         | 1 |  1.1
Dodging        | 3 |  3.1
Axes           | |  0.8
Stealth        | |  2.0
Spellcasting   | |  2.6
Necromancy     | |  4.5

Action                   |  1- 3 |  4- 6 || total
-------------------------+-------+-------++-------
Melee: Unarmed           |     3 |       ||     3
       Dagger            |    11 |       ||    11
       Hand axe          |     4 |    16 ||    20
 Cast: Pain              |    85 |    39 ||   124
       Animate Skeleton  |    16 |     5 ||    21
       Regeneration      |     1 |     2 ||     3
  Use: Scroll            |       |     8 ||     8
       Potion            |       |     6 ||     6
 Stab: Sleeping          |     2 |       ||     2
  Eat: Chunk             |     3 |     4 ||     7
Armor: Robe              |    13 |     3 ||    16
       Skin              |       |    41 ||    41
Dodge: Dodged            |    33 |    17 ||    50
